 Dungeon Crawl Stone Soup version 0.25.1-2-g60ff931df9 (webtiles) character file.

Game seed: 15017821827907452102

13 gruber the Chiller (level 2, -1/20 HPs)
             Began as a Gnoll Ice Elementalist on Oct 12, 2020.
             Killed from afar by Natasha (8 damage)
             ... with a magic dart
             ... on level 1 of the Dungeon.
             The game lasted 00:01:11 (794 turns).

gruber the Chiller (Gnoll Ice Elementalist)          Turns: 794, Time: 00:01:11

Health: -1/20      AC:  2    Str: 10    XL:     2   Next: 37%
Magic:  6/7        EV: 14    Int: 17    God:
Gold:   34         SH:  0    Dex: 15    Spells: 9/10 levels left

rFire    . . .     SeeInvis .   (no weapon)
rCold    . . .     Gourm    .   (no shield)
rNeg     . . .     Faith    .   a - +0 robe
rPois    .         Spirit   .   (no helmet)
rElec    .         Reflect  .   (no cloak)
rCorr    .         Harm     .   (no gloves)
MR       .....                  (no boots)
Stlth    +++.......             (no amulet)
HPRegen  0.06/turn              (no ring)
MPRegen  0.10/turn              (no ring)

@: no status effects
A: distributed training, fangs 1, strong nose
a: no special abilities


You were on level 1 of the Dungeon.
You were not hungry.

You visited 1 branch of the dungeon, and saw 3 of its levels.

You collected 34 gold pieces.

Inventory:

Missiles
 e - 3 atropa-tipped darts (quivered)
 f - 2 datura-tipped darts
Armour
 a - a +0 robe (worn)
Scrolls
 b - a scroll of enchant weapon {unknown}
 d - 2 scrolls of noise {unknown}
 g - a scroll of amnesia {unknown}
Comestibles
 c - 4 rations


   Skills:
 + Level 0.3 Fighting
 + Level 0.3 Short Blades
 + Level 0.3 Long Blades
 + Level 0.3 Axes
 + Level 0.3 Maces & Flails
 + Level 0.3 Polearms
 + Level 0.3 Staves
 + Level 0.3 Slings
 + Level 0.3 Bows
 + Level 0.3 Crossbows
 + Level 0.3 Throwing
 + Level 0.3 Armour
 + Level 4.4 Dodging
 + Level 4.0 Stealth
 + Level 0.3 Shields
 + Level 0.3 Unarmed Combat
 + Level 4.9 Spellcasting
 + Level 0.2 Conjurations
 + Level 0.2 Hexes
 + Level 0.2 Charms
 + Level 0.2 Summonings
 + Level 0.2 Necromancy
 + Level 0.2 Translocations
 + Level 0.2 Transmutations
 + Level 0.2 Fire Magic
 + Level 7.0 Ice Magic
 + Level 0.2 Air Magic
 + Level 0.2 Earth Magic
 + Level 0.2 Poison Magic
 + Level 0.4 Invocations
 + Level 0.3 Evocations


You had 9 spell levels left.
You knew the following spells:

 Your Spells              Type           Power        Failure   Level  Hunger
a - Freeze                Ice            ####         1%          1    None

Your spell library contained the following spells:

 Spells                   Type           Power        Failure   Level  Hunger
 Frozen Ramparts          Ice            ####..       2%          3    ###....
 Ozocubu's Armour         Chrm/Ice       ###.....     10%         3    ###....
 Hailstorm                Conj/Ice       ###.....     32%         4    ####...
 Summon Ice Beast         Ice/Summ       ###.....     32%         4    ####...


Dungeon Overview and Level Annotations

Branches:
Dungeon (3/15)

Altars:

Portals:
Sewer: D:3

Annotations:
D:1 Natasha


Innate Abilities, Weirdness & Mutations

Your experience applies equally to all skills.
You have very sharp teeth.
Your uncanny sense of smell can sniff out nearby items.


Message History

There is a stone staircase leading down here.
Unknown command.
The worm bites you.
There is a stone staircase leading up here.
Natasha closely misses you. The worm bites you!
You climb upwards.
There is a stone staircase leading down here.
Unknown command.
Unknown command.
Unknown command.
Casting: Freeze (safe; 1% risk of failure)
Confirm with . or Enter, or press ? or * to list all spells.
Aiming: Freeze (safe; 1% risk of failure)
Press: ? - help, Shift-Dir - straight line, f - Natasha
Aim: Natasha You freeze Natasha!
Natasha is severely wounded.
Natasha stares at you and mumbles some strange words.
The magic dart hits you!
You die...

#....##.#...........#
#.##............###.#
#.##.##.........# #.######
#.##.##.###.#.#.###.......
#.##.##.# #...........####
#.##.##.###(#.#.##..#.###.
##..............###..#.#...
#.....####w###.####..#.#.#.
##.###.# #@h.........#.....
##...##.#
##########.####.#.
#..#..#.######### #.# #...
#............)..# #.# ###.
#.#.....#######.# #.# ##
#.#..#### #.# #.# #.#..#
#.# #.# #.#..# #.# #.#
#.#..# #.#####(#


You could see a worm and Natasha.

Vanquished Creatures
  2 dart slugs (D:1)
  A bat (D:1)
  A goblin (D:1)
  5 kobolds (D:1)
9 creatures vanquished.

Notes
Turn   | Place    | Note
-------+----------+-------------------------------------------
     0 | D:1      | gruber the Gnoll Ice Elementalist began the quest for the
                  | Orb.
     0 | D:1      | Reached XP level 1. HP: 13/13 MP: 6/6
   148 | D:1      | Reached XP level 2. HP: 19/19 MP: 2/7
   481 | D:1      | You fall into a shaft and drop 1 floor!
   484 | D:2      | Noticed Natasha
   492 | D:2      | Noticed a crimson imp
   678 | D:2      | Noticed a crimson imp
   788 | D:3      | Found a glowing drain.
   790 | D:3      | Noticed a crimson imp
   794 | D:1      | Killed from afar by Natasha

Illustrated notes

Levels and vault maps discovered:
D:1:      nicolae_arrival_washed_ashore, layout_loops_ring
D:2:      layout_loops_ring, nicolae_overflow_crystal_walls,
          cheibriados_altar_1, lemuel_coloured_pillars_altar,
          grunt_qazlal_clouds, uniq_crazy_yiuf_cottage, uniq_robin, uniq_natasha
D:3:      layout_loops_corners, gammafunk_ghost_mausoleum, serial_bayou,
          serial_bayou_pond_d, serial_bayou_lagoon_a, serial_bayou_shore_b,
          serial_bayou_ford_a, portal_sewer_entry_b, minmay_close_crescents,
          uniq_terence, uniq_ijyb

Action                   || total
-------------------------++-------
Melee: Unarmed           ||     8
       Bite              ||     2
Throw: Dart              ||     3
 Cast: Freeze            ||    12
Armor: Robe              ||     2
Dodge: Dodged            ||    17
